 Dungeon Crawl Stone Soup version 0.29.1-1-gd02db6906a (webtiles) character file.

Game seed: 6902138353999916418

112 zeram the Covert (level 4, -2/29 HPs)
             Began as an Octopode Brigand on Oct 10, 2022.
             Killed from afar by an orc (17 damage)
             ... with an iceblast
             ... on level 3 of the Dungeon.
             The game lasted 00:02:59 (2555 turns).

zeram the Covert (Octopode Brigand)                 Turns: 2555, Time: 00:03:00

Health: -2/29      AC:  1    Str: 10    XL:     4   Next: 95%
Magic:  4/4        EV: 12    Int: 21    God:
Gold:   152        SH:  0    Dex: 13    Spells: 3/3 levels left

rFire   . . .      SeeInvis .   a - +3 dagger
rCold   . . .      Faith    .   (no shield)
rNeg    . . .      Spirit   .   (helmet restricted)
rPois   .          Reflect  .   (no amulet)
rElec   .          Harm     .   j - +6 ring of intelligence
rCorr   .          Rampage  .   (no ring)
Will    .....                   (no ring)
Stlth   +++++.....              (no ring)
HPRegen 0.09/turn               (no ring)
MPRegen 0.09/turn               (no ring)
                                (no ring)
                                (no ring)

@: no status effects
A: almost no armour, amphibious, 8 rings, camouflage 1, gelatinous body 1,
(nimble swimmer 1), tentacles
a: no special abilities


You were on level 3 of the Dungeon.
You visited 1 branch of the dungeon, and saw 3 of its levels.

You collected 152 gold pieces.

Inventory:

Hand Weapons
 a - a +3 dagger (weapon)
 d - a +1 dagger of speed
Missiles
 b - 13 poisoned darts (quivered)
 c - 3 curare-tipped darts
Jewellery
 j - a +6 ring of intelligence (left tentacle)
Scrolls
 e - 2 scrolls of fear
Potions
 f - 2 potions of attraction
 h - a potion of mutation {unknown}


   Skills:
 - Level 2.0 Fighting
 + Level 2.6 Short Blades
 - Level 2.0 Throwing
 - Level 1.0 Dodging
 + Level 8.1 Stealth


You had 3 spell levels left.
You didn't know any spells.
Your spell library was empty.

Dungeon Overview and Level Annotations

Branches:
Dungeon (3/15)

Altars:

Annotations:
D:2 Sigmund


Innate Abilities, Weirdness & Mutations

You cannot wear most types of armour.
You are amphibious.
You can wear up to eight rings at the same time.
Your skin changes colour to match your surroundings (Stealth+).
Your rubbery body absorbs attacks. (AC +1, EV +1)
((You are camouflaged when in or above water. (Stealth+)))
You have tentacles for arms and can constrict up to eight enemies at once.


Message History

The hound barks!
You hear a shout!
The hound bites you. The hound barely misses you.
You hit the hound. Your grab misses the hound.
The hound is lightly wounded.
The hound bites you.
You barely miss the hound. You grab the hound. You squeeze the hound!
The hound is heavily wounded.
You constrict the hound, but do no damage.
The hound bites you.
The hobgoblin drinks a potion.
The hobgoblin seems to speed up.
You hit the hound but do no damage. You squeeze the hound!
You kill the hound!
Your Stealth skill increases to level 8!
You see here a hound corpse.
You hit the hobgoblin.
You kill the hobgoblin!
No target in view!
No target in view!
No target in view!
No target in view!
An orc comes into view.
It is wielding a +2 hand axe of electrocution.
An orc is nearby!
An orc is nearby!
An orc is nearby!
An orc is nearby!
Things that are here:
a +0 leather armour; a ring of flight; 11 gold pieces The orc shouts!
You hear a shout!
You hear a bark!
You hear an angry hiss.
An orc comes into view.
It is wielding a +0 flail and carrying a wand of iceblast (7).
The orc shouts!
You hit the orc. Your grab misses the orc. Your squeeze misses the orc.
The orc is heavily wounded.
The orc hits you with a +2 hand axe of electrocution.
You hit the orc. Your grab misses the orc. You squeeze the orc.
You kill the orc!
An orc comes into view. It is wielding a +0 flail.
A ball python comes into view.
The orc zaps a wand.
The mass of ice explodes!
The iceblast engulfs you!
Ouch! That really hurt!
You die...

### #.. #.# # #.# #.#
.##.#############.#
.................>#.#
..#.#.######.#######.#.#
.o..o..@..[†.#######.#.#
##.##.#####............#
.. #.########.### #..
#.# #.### #S #.# #....
.. #.# ##### # #.# #.#


You could see 2 orcs and a ball python (wandering).

Vanquished Creatures
  A hound (D:3)
  2 worms (D:2)
  2 orcs (D:3)
  7 ball pythons
  6 endoplasms
  A giant cockroach (D:1)
  10 goblins
  4 hobgoblins
  8 jackals (D:1)
  5 quokkas
  2 bats (D:1)
  A frilled lizard (D:1)
  7 kobolds
  8 rats
64 creatures vanquished.

Notes
Turn   | Place    | Note
-------+----------+-------------------------------------------
     0 | D:1      | zeram the Octopode Brigand began the quest for the Orb.
     0 | D:1      | Reached XP level 1. HP: 14/14 MP: 1/1
   342 | D:1      | Reached XP level 2. HP: 19/19 MP: 2/2
   372 | D:1      | Reached skill level 6 in Stealth
   653 | D:1      | Reached XP level 3. HP: 24/24 MP: 3/3
  1175 | D:1      | Reached skill level 7 in Stealth
  1193 | D:1      | Found a faded altar of an unknown god.
  1781 | D:2      | Reached XP level 4. HP: 15/29 MP: 4/4
  2232 | D:2      | Noticed Sigmund
  2545 | D:3      | Reached skill level 8 in Stealth
  2555 | D:3      | Killed from afar by an orc

Illustrated notes

Levels and vault maps discovered:
D:1:      minmay_arrival_cross, layout_basic, basic_ecumenical_altar,
          serial_forest, infiniplex_forest_lined_corner,
          infiniplex_forest_zigzag_1, infiniplex_forest_clump_small,
          infiniplex_forest_lined_1, infiniplex_forest_straight_2,
          infiniplex_forest_lined_ring, infiniplex_forest_lined_3_way,
          infiniplex_forest_lined_3_way
D:2:      layout_basic, minmay_hexomino_f4, uniq_sigmund
D:3:      layout_loops_ring

Skill      XL: |  1  2  3  4 |
---------------+-------------+-----
Stealth        | 6 7 8 |  8.1
Fighting       | |  2.0
Short Blades   | |  2.6
Throwing       | |  2.0
Dodging        | |  1.0

Action                   |  1- 3 |  4- 6 || total
-------------------------+-------+-------++-------
Melee: Dagger            |    98 |    31 ||   129
       Constrict         |    23 |     4 ||    27
       Tentacles         |    17 |     6 ||    23
       Punch             |       |     3 ||     3
  Use: Scroll            |     5 |     2 ||     7
 Stab: Sleeping          |    14 |     9 ||    23
       Distracted        |     1 |       ||     1
Armor: Skin              |     7 |       ||     7
Dodge: Dodged            |    50 |    12 ||    62
